 Dungeon Crawl Stone Soup version 0.29.1-12-g30fa7ad0bf (webtiles) character file.

Game seed: 4444887827877486840

62909 Radix the Stormcaller (level 15, -5/89 HPs)
             Began as a Tengu Air Elementalist on Dec 27, 2022.
             Was a High Priest of Vehumet.
             Killed from afar by a deep elf zephyrmancer (30 damage)
             ... with a bolt of lightning
             ... on level 1 of the Elven Halls on Dec 28, 2022.
             The game lasted 03:40:02 (27601 turns).

Radix the Stormcaller (Tengu Air Elementalist)     Turns: 27601, Time: 03:40:22

Health: -5/89      AC: 11    Str:  8    XL:     15   Next: 7%
Magic:  0/40       EV: 20    Int: 25    God:    Vehumet [*****.]
Gold:   1889       SH:  4    Dex: 22    Spells: 6/37 levels left

rFire   + . .      SeeInvis +   j - +8 dagger of Tenacity {venom, rC+ Int+3 Dex+3}
rCold   + . .      Faith    .   G - +0 buckler
rNeg    . . .      Spirit   +   Q - +0 steam dragon scales
rPois   .          Reflect  .   H - +2 hat {SInv}
rElec   .          Harm     .   F - +0 cloak
rCorr   .          Rampage  .   n - +2 pair of gloves {Dex+3}
Will    +....                   (boots unavailable)
Stlth   ++........              l - amulet of guardian spirit
HPRegen 0.24/turn               d - ring of magical power
MPRegen 0.27/turn               T - ring of protection from fire

@: flying quickly and evasively, quick
A: beak, talons 3, nimble flight
a: Renounce Religion


You were on level 1 of the Elven Halls.
You worshipped Vehumet.
Vehumet was extremely pleased with you.
You visited 5 branches of the dungeon, and saw 19 of its levels.
You also visited: Sewer and Bailey.

You collected 1889 gold pieces.

Inventory:

Hand Weapons
 e - the +10 mace of the Verdant God {spect, Str+8}
   (You took it off a gnoll bouda in a bailey)

   When its wielder attacks, the weapon's spirit leaps out and strikes again.
   The spirit shares a part of any damage it takes with its wielder.
   Str:       It affects your strength (+8).
 j - the +8 dagger of Tenacity (weapon) {venom, rC+ Int+3 Dex+3}
   (You took it off a gnoll bouda in a bailey)

   It poisons the flesh of those it strikes.
   Int:       It affects your intelligence (+3).
   Dex:       It affects your dexterity (+3).
   rC:        It protects you from cold.
 o - a +0 rapier of venom
 v - a +8 dagger of speed
 C - a +3 long sword
Missiles
 J - 12 throwing nets
Armour
 a - a +0 troll leather armour
 h - a +2 leather armour of willpower
 n - a +2 pair of gloves of dexterity (worn)
 t - a +2 robe of fire resistance
 D - a +2 hat
 F - a +0 cloak (worn)
 G - a +0 buckler (worn)
 H - a +2 hat of see invisible (worn)
 N - a scarf of invisibility
 Q - +0 steam dragon scales (worn)
Jewellery
 d - a ring of magical power (left hand)
 l - an amulet of guardian spirit (around neck)
 T - a ring of protection from fire (right hand)
Wands
 g - a wand of quicksilver (6)
 K - a wand of polymorph (16)
 M - a wand of paralysis (8)
 O - a wand of iceblast (8)
 S - a wand of mindburst (7)
 U - a wand of flame (49)
Scrolls
 f - a scroll of amnesia
 m - 14 scrolls of teleportation
 s - a scroll of summoning
 x - a scroll of fear
 B - 2 scrolls of butterflies
 L - a scroll of identify
Potions
 b - 3 potions of magic
 i - a potion of invisibility
 p - 2 potions of might
 r - 3 potions of curing
 u - 3 potions of cancellation
 w - 12 potions of ambrosia
 z - 2 potions of haste
 A - 4 potions of heal wounds
 E - 2 potions of resistance
 I - a potion of brilliance {unknown}
Miscellaneous
 c - a tin of tremorstones (2/2)
 k - a lightning rod (4/4)
 y - a box of beasts


   Skills:
 + Level 8.8 Fighting
 - Level 10.0 Short Blades
 - Level 7.3 Dodging
 - Level 2.0 Stealth
 + Level 11.9 Spellcasting
 + Level 14.6 Conjurations
 * Level 8.1 Summonings
 + Level 15.1 Air Magic
 - Level 3.1 Poison Magic
 - Level 5.4 Evocations


You had 6 spell levels left.
You knew the following spells:

 Your Spells              Type           Power      Damage    Failure   Level
a - Shock                 Conj/Air       100%       1d9       0%          1
b - Static Discharge      Conj/Air       73%        3-13/arc  0%          2
c - Swiftness             Air            74%        N/A       1%          3
d - Airstrike             Air            37%        2d(6-22)  1%          4
e - Iskenderun's Battles  Conj           73%        2d12      1%          5
f - Olgreb's Toxic Radia  Pois           30%        N/A       4%          4
g - Lightning Bolt        Conj/Air       36%        1d54      1%          5
h - Spellforged Servitor  Conj/Summ      32%        N/A       12%         7

Your spell library contained the following spells:

 Spells                   Type           Power      Damage    Failure   Level
 Orb of Destruction       Conj           36%        9d11      3%          7
 Magic Dart               Conj           100%       1d8       0%          1
 Foxfire                  Conj/Fire      100%       2x1d9     1%          1
 Sandblast                Erth           28%        2d8       1%          1
 Call Imp                 Summ           54%        N/A       1%          2
 Poisonous Vapours        Pois/Air       100%       N/A       1%          2
 Call Canine Familiar     Summ           54%        N/A       1%          3
 Conjure Flame            Conj/Fire      51%        6-21      1%          3
 Mephitic Cloud           Conj/Pois/Air  63%        N/A       1%          3
 Stone Arrow              Conj/Erth      100%       3d13      1%          3
 Flame Wave               Conj/Fire      51%        2d13      1%          4
 Freezing Cloud           Conj/Ice/Air   29%        6-21      1%          5
 Ignite Poison            Fire/Tmut/Pois 20%        N/A       3%          3
 Inner Flame              Hex/Fire       14%        N/A       4%          3
 Corpse Rot               Necr/Pois/Air  45%        N/A       4%          4
 Ensorcelled Hibernation  Hex/Ice        28%        N/A       9%          2
 Passwall                 Tmut/Erth      11%        N/A       9%          2
 Spider Form              Tmut/Pois      22%        N/A       9%          3
 Iron Shot                Conj/Erth      25%        9d5       11%         6
 Portal Projectile        Hex/Tloc       28%        N/A       17%         3
 Tukima's Dance           Hex            14%        N/A       17%         3
 Yara's Violent Unravell  Hex/Tmut       7%         3d5       36%         5
 Anguish                  Hex/Necr       7%         N/A       50%         4
 Leda's Liquefaction      Hex/Erth       7%         N/A       50%         4
 Passage of Golubria      Tloc           14%        N/A       50%         4


Dungeon Overview and Level Annotations

Branches:
Dungeon (10/15)            Temple (1/1) D:6            Lair (5/5) D:8
 Shoals (0/4) Lair:2       Spider (0/4) Lair:3        Slime (0/5) Lair:5
    Orc (2/2) D:9             Elf (1/3) Orc:2         Sewer (visited)
 Bailey (visited)

Altars:
Ashenzari
Cheibriados
Dithmenos
Elyvilon
Fedhas
Gozag
Hepliaklqana
Kikubaaqudgha
Makhleb
Nemelex Xobeh
Okawaru
Qazlal
Ru
Sif Muna
Trog
Uskayaw
Vehumet
Wu Jian
Xom
Yredelemnul
Zin
The Shining One
Jiyva

Shops:
D:2 (   D:3 [   D:6 *   D:7 ?   Orc:2 [(![

Annotations:
D:3 3 runed translucent doors, vaultlich's ghost, amateur MfGl
Elf:1 1 transporter


Innate Abilities, Weirdness & Mutations

You have a beak for a mouth.
You have claws for feet.
Your magical nature lets you fly swiftly and evasively.


Message History

Items here: $ )) ? [.
Casting: Shock (safe; 0% risk of failure)
Confirm with . or Enter, or press ? or * to list all spells.
You conjure a globe of magical energy.
The deep elf zephyrmancer shouts!
Your spellforged servitor casts a spell at the deep elf archer.
The bolt of lightning misses the deep elf archer.
The deep elf archer shoots an arrow.
The arrow completely misses you.
Aiming: Shock (safe; 0% risk of failure)
Press: ? - help, Q - select action, (/) - cycle Shift-Dir - straight line Your battlesphere fires!
The barrage of energy hits the deep elf archer.
The deep elf archer is heavily wounded.
The deep elf archer shoots an arrow.
The arrow hits you!
The deep elf archer points at you and mumbles some strange words.
You resist with some effort.
Your spellforged servitor gestures at the deep elf archer while chanting.
The bolt of lightning misses the deep elf archer.
The deep elf zephyrmancer casts a spell.
The deep elf zephyrmancer blinks!
The deep elf archer casts a spell.
The deep elf archer blinks!
The deep elf zephyrmancer points at you and mumbles some strange words.
The bolt of lightning misses you. The bolt of lightning hits you!
Your spellforged servitor casts a spell at the deep elf archer.
The bolt of lightning hits the deep elf archer!!
The deep elf archer dies!
Vehumet accepts your kill.
You block the deep elf zephyrmancer's attack.
You closely miss the deep elf zephyrmancer.
Your kick misses the deep elf zephyrmancer.
Your peck misses the deep elf zephyrmancer.
You hit the deep elf zephyrmancer.
The deep elf zephyrmancer is poisoned.
You claw the deep elf zephyrmancer.
The deep elf zephyrmancer is lightly wounded.
The deep elf zephyrmancer points at you and mumbles some strange words.
The bolt of lightning hits you!!
* * * LOW HITPOINT WARNING * * *
The bolt of lightning hits you!!
You die...

#.##..#
##)...##
##)....###
##........#
#..).)9..)#
#...>.....#
#......)..#
#....e)...#
#....@*...#
##....)..##
##..)..##
######)##
##.#####
##'...###
#.......#
#.....E.######
#.......'..E..


You could see a deep elf zephyrmancer (very poisoned, ally target), a friendly
spellforged servitor (summoned) and a friendly battlesphere.

Vanquished Creatures
  A deep elf elementalist (Elf:1)
  A fire dragon (Lair:5)
  A boulder beetle (Lair:5)
  4 hydras
  3 two-headed ogres
  Erolcha (Orc:1)
  8 death yaks
  5 orc high priests (Orc:2)
  An orc knight (Orc:1)
  A lindwurm (Lair:5)
  A deep elf zephyrmancer (Elf:1)
  A deep elf archer (Elf:1)
  4 orc sorcerers
  7 deep elf pyromancers
  An oklob plant (Lair:3)
  3 nameless horrors
  10 elephants
  A merfolk siren (Lair:2)
  6 black mambas
  2 molten gargoyles (Lair:5)
  6 cane toads
  3 torpor snails
  Psyche (D:8)
  7 komodo dragons
  A polar bear (Lair:5)
  3 merfolk (Lair:2)
  A queen bee (Lair:2)
  3 trolls
  A hornet (D:9)
  15 blink frogs
  A dream sheep (Lair:4)
  4 wyverns
  2 wraiths
  28 yaks
  A spriggan (Lair:4)
  2 steam dragons
  Grum (Bailey)
  4 basilisks
  3 redbacks (Lair:3)
  9 wargs
  Edmund (D:5)
  An acid dragon (D:8)
  11 water moccasins
  4 hell hounds (Lair:5)
  12 orc warriors
  A swamp drake (Orc:2)
  3 ogres (Orc:2)
  A sky beast (D:7)
  5 black bears
  19 wolves
  6 centaurs
  9 bullfrogs
  6 gnoll sergeants (Bailey)
  5 scorpions
  2 earth elementals (Elf:1)
  12 wights
  A necrophage (D:6)
  27 killer bees
  5 lava snakes (Lair:5)
  A crimson imp (Orc:2)
  An iron imp (Orc:2)
  6 hounds
  A jelly (D:5)
  Crazy Yiuf (D:7)
  31 orc priests
  5 gnoll boudas (Bailey)
  Jessica (D:2)
  2 iguanas (D:5)
  23 orc wizards
  14 adders
  23 gnolls
  An ogre simulacrum (Orc:1)
  5 river rats (Sewer)
  3 shadow imps
  4 white imps
  An ufetubus (D:5)
  2 orc simulacra (Orc:1)
  A worm (D:4)
  107 orcs
  15 ball pythons
  6 endoplasms
  2 giant cockroaches (D:1)
  6 goblins
  10 hobgoblins
  6 jackals
  5 kobolds
  3 bats
  8 frilled lizards
  25 rats
608 creatures vanquished.

Vanquished Creatures (collateral kills)
  An orc warlord (Orc:2)
  The ghost of Ussyrph Ladae the Thaumaturge, a journeyman DjCj of Qazlal (Orc:1)
  A deep elf death mage (Elf:1)
  An ettin (Orc:1)
  2 orc high priests (Orc:2)
  A deep elf knight (Elf:1)
  3 deep elf archers (Elf:1)
  A deep elf zephyrmancer (Elf:1)
  An orc sorcerer (Orc:1)
  A warg (Orc:2)
  2 orc warriors (Orc:2)
  A spectral warg (Orc:1)
  3 orc priests
  2 spectral orcs (Orc:1)
  An ogre simulacrum (Orc:1)
  2 orc simulacra (Orc:1)
24 creatures vanquished.

Vanquished Creatures (others)
  An orc (Orc:2)
  24 fungi
  19 plants
44 creatures vanquished.

Grand Total: 676 creatures vanquished

Notes
Turn   | Place    | Note
-------+----------+-------------------------------------------
     0 | D:1      | Radix the Tengu Air Elementalist began the quest for the
                  | Orb.
     0 | D:1      | Reached XP level 1. HP: 10/10 MP: 4/4
   209 | D:1      | Reached XP level 2. HP: 15/15 MP: 0/6
   837 | D:1      | Found a faded altar of an unknown god.
  1242 | D:2      | Reached XP level 3. HP: 19/19 MP: 4/7
  1271 | D:2      | Found Kyhyuno's Weapon Shoppe.
  1360 | D:2      | Noticed Jessica
  1368 | D:2      | Killed Jessica
  1369 | D:2      | Reached XP level 4. HP: 24/24 MP: 1/9
  1520 | D:2      | Reached skill level 5 in Air Magic
  1900 | D:3      | Found a runed translucent gate.
  1901 | D:3      | Found a runed translucent gate.
  1901 | D:3      | Found a runed translucent gate.
  1902 | D:3      | Found an opulent altar of Gozag.
  1904 | D:3      | Noticed vaultlich's ghost (amateur MfGl)
  2000 | D:3      | Gained mutation: Your magical nature lets you fly swiftly
                  | and evasively. [Tengu growth]
  2000 | D:3      | Reached XP level 5. HP: 28/28 MP: 2/10
  2156 | D:3      | Found a hazy altar of Hepliaklqana.
  2205 | D:3      | Found a glowing drain.
  2282 | Sewer    | Entered a sewer
  2759 | Sewer    | Reached XP level 6. HP: 12/32 MP: 0/12
  3066 | Sewer    | Reached skill level 6 in Air Magic
  3203 | Sewer    | Reached skill level 5 in Conjurations
  3341 | Sewer    | Learned a level 2 spell: Static Discharge
  3345 | Sewer    | Learned a level 3 spell: Swiftness
  3936 | D:3      | Found Kor Giemp's Armour Shop.
  4170 | D:4      | Reached XP level 7. HP: 31/36 MP: 3/14
  4282 | D:4      | Found a shimmering blue altar of Sif Muna.
  4334 | D:4      | Found a bloodstained altar of Trog.
  4347 | D:4      | Reached skill level 7 in Air Magic
  4450 | D:4      | Learned a level 4 spell: Airstrike
  5002 | D:4      | Found a white marble altar of Elyvilon.
  5143 | D:4      | Found a sparkling altar of Nemelex Xobeh.
  5171 | D:4      | Reached skill level 5 in Spellcasting
  5171 | D:4      | Reached XP level 8. HP: 39/41 MP: 3/16
  5845 | D:5      | Entered Level 5 of the Dungeon
  5989 | D:5      | Reached skill level 8 in Air Magic
  6919 | D:5      | Found a sacrificial altar of Ru.
  6991 | D:5      | Found an iron altar of Okawaru.
  7067 | D:5      | Noticed Edmund
  7109 | D:5      | Killed Edmund
  7512 | D:6      | Noticed a yak
  7512 | D:6      | Noticed a yak
  7512 | D:6      | Noticed a yak
  7513 | D:6      | Noticed a yak
  7560 | D:6      | Found Jekkanoe's General Store.
  7665 | D:6      | Reached skill level 9 in Air Magic
  7762 | D:6      | Noticed a yak
  7799 | D:6      | Killed a yak
  7800 | D:6      | Reached XP level 9. HP: 45/45 MP: 2/19
  8414 | D:6      | Reached skill level 10 in Air Magic
  8843 | D:6      | Reached skill level 10 in Conjurations
  8872 | D:6      | Reached skill level 11 in Air Magic
  9388 | D:6      | Reached XP level 10. HP: 50/50 MP: 9/22
  9502 | D:6      | Found a staircase to the Ecumenical Temple.
  9511 | Temple   | Entered the Ecumenical Temple
  9606 | Temple   | Became a worshipper of Vehumet
  9665 | D:6      | Found a shimmering altar of Xom.
  9754 | D:6      | Learned a level 5 spell: Iskenderun's Battlesphere
 10016 | D:7      | Found Cetakhla's Magic Scroll Shop.
 10615 | D:7      | Found a runed translucent door.
 10616 | D:7      | Noticed Crazy Yiuf
 10617 | D:7      | Identified the +3 hammer of Wyrd {drain, rC+ Dex+3}
 10622 | D:7      | Killed Crazy Yiuf
 10950 | D:8      | Noticed Psyche
 10955 | D:8      | Killed Psyche
 11002 | D:8      | Found a burning altar of Makhleb.
 11238 | D:8      | Reached skill level 12 in Air Magic
 11478 | D:8      | Found a staircase to the Lair.
 11482 | D:8      | Noticed a two-headed ogre
 11539 | D:8      | Killed a two-headed ogre
 11539 | D:8      | Reached * piety under Vehumet
 11539 | D:8      | Offered knowledge of Freeze by Vehumet.
 12101 | D:8      | Reached XP level 11. HP: 54/54 MP: 25/25
 12770 | Lair:1   | Entered Level 1 of the Lair of Beasts
 12775 | Lair:1   | Reached skill level 13 in Air Magic
 13019 | Lair:1   | Reached skill level 1 in Fighting
 13602 | Lair:2   | Reached skill level 1 in Evocations
 13759 | Lair:2   | Reached ** piety under Vehumet
 13759 | Lair:2   | Offered knowledge of Magic Dart by Vehumet.
 14275 | Lair:2   | Found a staircase to the Shoals.
 14705 | Lair:2   | Noticed a five-headed hydra
 14712 | Lair:2   | Killed a five-headed hydra
 14846 | Lair:2   | Reached skill level 10 in Spellcasting
 15199 | Lair:3   | Noticed a five-headed hydra
 15205 | Lair:3   | Killed a five-headed hydra
 15246 | Lair:3   | Noticed an oklob plant
 15667 | Lair:3   | Reached XP level 12. HP: 27/67 MP: 10/27
 16058 | Lair:3   | Found a hole to the Spider Nest.
 16124 | Lair:3   | Reached skill level 5 in Short Blades
 16173 | Lair:3   | Offered knowledge of Dazzling Flash by Vehumet.
 16929 | Lair:3   | Reached *** piety under Vehumet
 18023 | Lair:4   | Noticed a five-headed hydra
 18043 | Lair:4   | Killed a five-headed hydra
 18044 | Lair:4   | Reached skill level 10 in Short Blades
 18789 | Lair:5   | Entered Level 5 of the Lair of Beasts
 18848 | Lair:5   | Reached skill level 5 in Fighting
 18849 | Lair:5   | Offered knowledge of Olgreb's Toxic Radiance by Vehumet.
 18850 | Lair:5   | Reached XP level 13. HP: 49/72 MP: 25/28
 18855 | Lair:5   | Learned a level 4 spell: Olgreb's Toxic Radiance
 19099 | Lair:5   | Reached skill level 5 in Evocations
 19693 | Lair:5   | Reached skill level 14 in Air Magic
 19876 | Lair:5   | Reached skill level 1 in Poison Magic
 19879 | Lair:5   | Reached **** piety under Vehumet
 20099 | Lair:4   | Reached skill level 5 in Dodging
 20395 | Lair:5   | Offered knowledge of Lightning Bolt by Vehumet.
 20402 | Lair:5   | Learned a level 5 spell: Lightning Bolt
 20434 | Lair:5   | Found a staircase to the Slime Pits.
 20435 | Lair:5   | Found a viscous altar of Jiyva.
 20998 | Lair:5   | Reached skill level 1 in Summonings
 21135 | Lair:5   | Noticed a fire dragon
 21235 | Lair:5   | Found a large runed translucent door.
 21235 | Lair:5   | Found a large runed translucent door.
 21748 | Lair:5   | Killed a fire dragon
 22297 | D:9      | Found a flagged portal.
 22309 | D:9      | Reached XP level 14. HP: 77/82 MP: 28/30
 22353 | Bailey   | Entered a bailey
 22620 | Bailey   | Identified the +8 dagger of Tenacity {venom, rC+ Int+3
                  | Dex+3}
 22639 | Bailey   | Identified the +0 scale mail of Nisuq {rPois rC+ Str+2}
 22803 | Bailey   | Identified the +10 mace of the Verdant God {spect, Str+8}
 22852 | Bailey   | Noticed Grum
 22864 | Bailey   | Killed Grum
 23256 | D:9      | Reached ***** piety under Vehumet
 23281 | D:9      | Offered knowledge of Eringya's Noxious Bog by Vehumet.
 23354 | D:9      | Found a staircase to the Orcish Mines.
 23905 | D:10     | Entered Level 10 of the Dungeon
 23908 | D:10     | Found an ornate altar of the Wu Jian Council.
 23953 | Orc:1    | Entered Level 1 of the Orcish Mines
 24091 | Orc:1    | Noticed Erolcha
 24097 | Orc:1    | Killed Erolcha
 24223 | Orc:1    | Learned a level 7 spell: Spellforged Servitor
 24681 | Orc:1    | Found a runed translucent gate.
 24681 | Orc:1    | Found a runed translucent gate.
 24681 | Orc:1    | Found a runed translucent gate.
 24695 | Orc:1    | Noticed Ussyrph Ladae's ghost (journeyman DjCj)
 24704 | Orc:1    | Killed Ussyrph Ladae's ghost
 25004 | Orc:2    | Entered Level 2 of the Orcish Mines
 25041 | Orc:2    | Reached skill level 5 in Summonings
 25045 | Orc:2    | Noticed an orc warlord
 25056 | Orc:2    | Killed an orc warlord
 25281 | Orc:2    | Offered knowledge of Fulminant Prism by Vehumet.
 25876 | Orc:2    | Found Toleota's Antique Armour Shoppe.
 25876 | Orc:2    | Found Arripis's Weapon Boutique.
 26164 | Orc:2    | Found Zedgh's Distillery.
 26164 | Orc:2    | Found Bipot's Antique Armour Boutique.
 26233 | Orc:2    | Found a staircase to the Elven Halls.
 27038 | Elf:1    | Entered Level 1 of the Elven Halls
 27098 | Elf:1    | Found a transporter.
 27178 | Elf:1    | Reached skill level 15 in Air Magic
 27210 | Elf:1    | Offered knowledge of Orb of Destruction by Vehumet.
 27492 | Elf:1    | Noticed a deep elf elementalist
 27576 | Elf:1    | Killed a deep elf elementalist
 27577 | Elf:1    | Reached XP level 15. HP: 89/89 MP: 2/31
 27601 | Elf:1    | Killed from afar by a deep elf zephyrmancer

Illustrated notes

Levels and vault maps discovered:
D:1:      dpeg_arrival_renting, layout_basic,
          hellmonk_ecumenical_altar_leap_of_faith, minmay_tree_intersection,
          nicolae_concentric_dashed_squares_mild, minmay_crystal_water,
          dreamdust_wishing_well, st_stairs_12
D:2:      layout_basic, serial_shops, nicolae_shop_bloodbath_and_beyond,
          uniq_jessica
D:3:      layout_basic, nicolae_hepliaklqana_hazy_memory, ebering_ghost_gozag,
          serial_shops, nicolae_shop_hallway_plus, portal_sewer_entry_d
D:4:      layout_loops_corners, kennysheep_mini_moat,
          mainiacjoe_overflow_catwalk_spiral, trog_ov_bears_minmay,
          hangedman_minor_gate_pass
D:5:      layout_loops_corners, overflow_temple_1_default,
          kennysheep_okawaru_gauntlet, minmay_misc_feat_nine_boxes, uniq_edmund
D:6:      layout_cave_pools, mainiacjoe_overflow_alcove_2, temple_hall,
          serial_shops, nicolae_take_the_stairs, st_stairs_13,
          minmay_crystal_room, skrybe_limestone_x, kennysheep_generic_room_3
D:7:      layout_basic, serial_shops, nicolae_shop_crystal,
          uniq_crazy_yiuf_cottage
D:8:      layout_layer_cave, mainiacjoe_overflow_cross_hatched,
          erik_lair_orcish_takeover, uniq_psyche
D:9:      layout_irregular_city, hiddenorc2_lemuel, enter_bailey_2,
          nicolae_figureground_pulse
D:10:     layout_layer_cave, nicolae_overflow_hidden_temple
Temple:   hc_temple_tempest_star
Lair:1:   layout_loops_ring, nicolae_quartered_pool_little
Lair:2:   layout_roguey [special_room_bee], elwin_shoals_entry_stream,
          grunt_megastairs_2
Lair:3:   layout_cellular_growth, spider_nest_entry_webs
Lair:4:   layout_regular_city, grunt_forest_large_clearing_hut
Lair:5:   cheibrodos_lair_end_hotspot, layout_hall_layers, slime_entry_1
Orc:1:    layout_caves, gammafunk_ghost_necromancy, uniq_erolcha
Orc:2:    st_orc_town, layout_caves, gauntlet_entry_generic,
          hangedman_minor_magic
Elf:1:    gammafunk_its_a_trap, layout_geoelf_diagonals, basic_altar,
          minmay_elf_demonology, uniq_louise, uniq_asterion

Skill      XL: |  1  2  3  4  5  6  7  8  9 10 11 12 13 14 15 |
---------------+----------------------------------------------+-----
Conjurations   | 2 3 4 5 6 8 10 12 13 14 | 14.6
Air Magic      | 5 6 7 9 11 12 13 14 15 | 15.1
Spellcasting   | 3 4 5 6 7 9 10 11 | 11.9
Fighting       | 4 5 7 8 |  8.8
Evocations     | 4 5 |  5.4
Short Blades   | 3 10 | 10.0
Dodging        | 3 6 7 |  7.3
Poison Magic   | 3 |  3.1
Summonings     | 3 7 8 |  8.1
Stealth        | |  2.0

Action                   |  1- 3 |  4- 6 |  7- 9 | 10-12 | 13-15 || total
-------------------------+-------+-------+-------+-------+-------++-------
Melee: Unarmed           |    22 |       |       |       |       ||    22
       Kick              |     5 |     4 |    16 |    29 |   127 ||   181
       Peck              |     5 |     2 |    10 |    17 |    87 ||   121
       Whip              |     4 |     5 |       |       |       ||     9
       Dagger            |       |    12 |    38 |    42 |   290 ||   382
 Cast: Shock             |    38 |   137 |   123 |   266 |   348 ||   912
       Static Discharge  |       |     3 |    17 |    58 |    37 ||   115
       Swiftness         |       |     2 |    11 |     6 |     4 ||    23
       Airstrike         |       |       |    31 |    26 |    25 ||    82
       Iskenderun's Batt |       |       |       |    54 |    74 ||   128
       Lightning Bolt    |       |       |       |       |    42 ||    42
       Spellforged Servi |       |       |       |       |     9 ||     9
       Olgreb's Toxic Ra |       |       |       |       |     7 ||     7
Evoke: Tin of tremorston |       |       |       |       |     2 ||     2
  Use: Scroll            |       |       |    12 |    23 |     9 ||    44
       Potion            |       |       |     5 |       |     6 ||    11
 Stab: Sleeping          |       |     1 |       |       |     1 ||     2
       Invisible         |       |       |       |       |     3 ||     3
       Distracted        |       |       |       |       |     2 ||     2
Armor: Robe              |     4 |       |       |       |       ||     4
       Leather armour    |     2 |    14 |    26 |     4 |       ||    46
       Steam dragon scal |       |       |       |    27 |    33 ||    60
Dodge: Dodged            |    17 |    45 |    60 |    69 |   149 ||   340
Block: Buckler           |       |       |     5 |    18 |    35 ||    58
